 Dungeon Crawl Stone Soup version 0.17-a0-2215-g49c1de0 (console) character file.

49 Kellhus the Slasher (level 3, -7/29 HPs)
             Began as a Mummy Chaos Knight on Oct 27, 2015.
             Mangled by a worm (8 damage)
             ... on level 2 of the Dungeon.
             The game lasted 00:01:38 (1407 turns).

Kellhus the Slasher (Mummy Chaos Knight)            Turns: 1407, Time: 00:01:38

Health: -7/29      AC:  5    Str: 16    XL:     3   Next: 51%
Magic:  3/3        EV:  9    Int: 11    God:    Xom [*.....]
Gold:   134        SH:  0    Dex: 11    Spells: 0 memorised, 2 levels left

rFire  x . .     SeeInvis .     a - +0 falchion (chaos)
rCold  + + .     Clarity  .     b - +2 leather armour
rNeg   + + +     SustAt   .     (no shield)
rPois  ∞         Gourm    .     (no helmet)
rElec  .         Spirit   .     (no cloak)
rCorr  .         Warding  .     (no gloves)
rMut   .         Stasis   .     (no boots)
MR     .....                    d - amulet of rage
Stlth  +.........               k - ring of protection from cold
                                e - -2 ring of evasion (curse)

@: not resistant to hostile enchantments, very unstealthy
A: no food or potions, fire vulnerability, cold resistance 1, negative energy
resistance 3, torment resistance, unbreathing
a: Renounce Religion


You were on level 2 of the Dungeon.
You worshipped Xom.
You were a special plaything of Xom.
You were not hungry.

You visited 1 branch of the dungeon, and saw 2 of its levels.

You collected 134 gold pieces.

Inventory:

Hand Weapons
 a - a +0 falchion of chaos (weapon)
Armour
 b - a +2 leather armour (worn)
Jewellery
 d - an amulet of rage (around neck)
 e - a cursed -2 ring of evasion (left hand)
 k - a ring of protection from cold (right hand)
Wands
 j - a wand of flame (28)
Scrolls
 g - a scroll of random uselessness
 i - a scroll of teleportation
 l - 2 scrolls of identify
Books
 h - a book of Clouds

   Spells                             Type                      Level
   a - Mephitic Cloud                 Conjuration/Poison/Air       3
   b - Conjure Flame                  Conjuration/Fire             3
   c - Poisonous Cloud                Conjuration/Poison/Air       6
   d - Freezing Cloud                 Conjuration/Ice/Air          6
   e - Ring of Flames                 Charms/Fire                  7


   Skills:
 - Level 3.0 Fighting
 + Level 3.8 Long Blades
 - Level 1.5 Armour
 - Level 0.7 Dodging


You had 2 spell levels left.
You didn't know any spells.

Dungeon Overview and Level Annotations

Branches:
Dungeon (2/15)

Altars:


Innate Abilities, Weirdness & Mutations

You do not eat or drink.
Your flesh is vulnerable to fire.
You are immune to poison.
Your flesh is cold resistant.
You are immune to negative energy.
You are immune to unholy pain and torment.
You can survive without breathing.


Message History

You hit the worm.
The worm is heavily wounded.
You hit the worm. You burn the worm.
The worm is severely wounded.
The worm bites you!
* * * LOW HITPOINT WARNING * * *
You emit a cloud of colourful smoke!
Unknown command.
You hit the worm but do no damage.
The worm flickers and vanishes!
Deactivating autopickup; reactivate with Ctrl-A.
Xom is amused.
Something bites you.
* * * LOW HITPOINT WARNING * * *
Unknown command.
You hit something but do no damage.
You heal something.
You hit something. You burn something. Something bites you.
* * * LOW HITPOINT WARNING * * *
You hit something. Something bites you!
You die...

# #.#.## ####
#.#....######
...#
#...........#
...#
#...........#
...#
##...(......#
...#
#..........#
...#
#..........###
...#
##.##......§.#
...#
#..#.....@§.#
...#
##.#.....{§.#
####
..........#
...##
##........#
....#
#...)....#
....#
#........#
...##
#........#
####
#........#


There were no monsters in sight!

Vanquished Creatures
  2 gnolls (D:2)
  A giant gecko (D:1)
  A ball python (D:1)
  2 hobgoblins (D:1)
  A quokka (D:2)
  2 bats
  4 giant newts (D:1)
  5 goblins
  A kobold (D:2)
  5 rats (D:1)
24 creatures vanquished.

Vanquished Creatures (collateral kills)
  A giant newt (D:1)
1 creature vanquished.

Vanquished Creatures (others)
  A gnoll (D:2)
  A goblin (D:2)
2 creatures vanquished.

Grand Total: 27 creatures vanquished

Notes
Turn   | Place    | Note
--------------------------------------------------------------
     0 | D:1      | Kellhus the Mummy Chaos Knight began the quest for the Orb.
     0 | D:1      | Reached XP level 1. HP: 18/18 MP: 1/1
   301 | D:1      | Reached XP level 2. HP: 21/24 MP: 2/2
   852 | D:1      | XOM: silly message
   979 | D:2      | XOM: harmless Trmt miscast
  1095 | D:2      | Reached XP level 3. HP: 24/29 MP: 3/3
  1104 | D:2      | XOM: mild Tloc miscast
  1403 | D:2      | XOM: smoke on damage
  1406 | D:2      | HP: 1/29 [something (1)]
  1407 | D:2      | Mangled by a worm

Vault maps used:
D:1:      dpeg_arrival_round_b, serial_forest, infiniplex_forest_lined_2,
          infiniplex_forest_clump_double, infiniplex_forest_lined_corner,
          infiniplex_forest_clump_C, infiniplex_forest_lined_room_2,
          infiniplex_forest_clump_medium, infiniplex_forest_end_2,
          minmay_lizard_king
D:2:      first_bread

Action                   || total
-------------------------++-------
Melee: Falchion          ||    88
  Use: Scroll            ||     3
